Map: [ESL] Moondance

Players

piglet - Winner!

  • Race: Terran Terran
  • Spawn Location: 6:00

Maplez

  • Race: Protoss Protoss
  • Spawn Location: 12:00

Event: DreamHack SC2 Masters 2022 Valencia

VOD

Have the link to the VOD?

Description

Time

  • Played on: July 1, 2022, 10:44 a.m.
  • Length: 11:41

All games in this series

Show
View Real Time Build Order
Export as new Build Order

piglet Terran - Winner!

Build Orders: Gas First Reaper Expand 

Get SALT Encoding   

  12  0:00  SCV  
  13  0:12  SCV  
  14  0:16  Supply Depot  
  14  0:24  SCV  
  14  0:27  Refinery  
  15  0:38  SCV  
  16  0:43  Barracks  
  16  0:50  SCV  
  17  1:02  SCV  
  18  1:14  SCV  
  19  1:31  Orbital Command, Reaper  
  20  1:48  Command Center  
  20  1:56  Factory  
  20  1:59  SCV  
  21  2:05  Barracks Reactor  
  21  2:10  Refinery  
  21  2:12  SCV  
  22  2:18  Supply Depot  
  22  2:24  SCV  
  23  2:40  SCV  
  23  2:42  Widow Mine  
  25  2:44  Marine x2  
  25  2:45  Starport  
  27  2:52  SCV  
  28  3:02  Marine x2  
  28  3:04  Supply Depot  
  28  3:05  Widow Mine  
  31  3:10  SCV  
  32  3:21  Medivac  
  32  3:22  Orbital Command  
  32  3:26  Marine  
  35  3:28  SCV  
  35  3:30  Marine  
  35  3:33  Factory Tech Lab  
  37  3:48  SCV x2  
  39  3:55  Marine  
  39  3:59  Supply Depot  
  39  4:00  SCV x2  
  39  4:01  Siege Tank  
  39  4:02  Starport Tech Lab  
  45  4:06  Barracks  
  45  4:12  SCV  
  45  4:16  SCV  
  47  4:17  Marine x2  
  47  4:23  Raven  
  52  4:24  SCV  
  52  4:28  Barracks, SCV  
  53  4:34  Supply Depot  
  53  4:36  SCV  
  53  4:37  Marine  
  53  4:38  Marine  
  56  4:41  SCV  
  56  4:44  Supply Depot  
  57  4:48  Engineering Bay  
  57  4:50  SCV  
  58  4:52  Factory Reactor  
  58  4:54  SCV  
  58  4:56  Refinery  
  59  5:00  Marine, Stimpack  
  59  5:01  Marine  
  59  5:04  SCV  
  59  5:06  SCV, Marine  
  64  5:11  Supply Depot  
  64  5:16  SCV  
  64  5:18  SCV  
  64  5:21  Marine x2  
  68  5:25  Marauder  
  68  5:26  Terran Infantry Weapons Level 1  
  68  5:28  SCV  
  71  5:30  Supply Depot  
  71  5:32  Refinery, Marauder  
  71  5:33  Combat Shield  
  73  5:38  SCV  
  73  5:40  SCV  
  74  5:43  Marine x2  
  74  5:47  Supply Depot, Marauder  
  74  5:49  Medivac  
  80  5:58  Marauder  
  80  5:59  SCV  
  80  6:01  Marine x2  
  85  6:05  Medivac  
  85  6:09  Marauder  
  89  6:14  Supply Depot  
  87  6:18  Marine  
  87  6:19  Marine  
  87  6:20  Marauder  
  87  6:23  Command Center  
  87  6:25  Medivac  
  93  6:30  SCV  
  94  6:34  Marauder  
  94  6:35  Widow Mine  
  94  6:36  Marine  
  94  6:39  Concussive Shells  
  99  6:45  Barracks  
  99  6:46  Barracks  
  98  6:49  Marine  
  98  6:50  Marauder  
  99  6:55  Marine  
  99  6:56  Marauder  
  101  7:06  Viking x2  
  104  7:09  SCV  
  104  7:13  Marine  
  104  7:14  Marauder  
  105  7:16  SCV  
  98  7:27  SCV, Marine  
  98  7:28  Marauder  
  90  7:33  SCV  
  90  7:35  Terran Infantry Armor Level 1  
  90  7:36  Marine, Marauder  
  90  7:37  Barracks Tech Lab, Barracks Reactor  
  89  7:38  Viking  
  89  7:40  Viking  
  90  7:44  Orbital Command, SCV  
  90  7:45  SCV  
  90  7:48  Widow Mine  
  90  7:49  Marine  
  95  7:52  Marauder  
  95  7:56  SCV  
  95  7:58  Marine, Marauder x2  
  103  8:08  Marine  
  103  8:09  SCV  
  103  8:10  SCV  
  106  8:13  Medivac x2  
  106  8:14  Marauder  
  106  8:16  Marine x2  
  114  8:21  Ghost Academy  
  114  8:22  SCV x2  
  114  8:27  SCV, Marine x2  
  117  8:28  Marauder  
  117  8:34  Marine  
  119  8:41  Refinery  
  119  8:42  Marine  
  119  8:43  Medivac, Marauder  
  119  8:46  Marine, Command Center  
  125  8:52  Supply Depot  
  125  8:54  Enhanced Shockwaves  
  125  8:57  Viking  
  125  8:58  Ghost, Marauder  
  125  9:02  Marine  
  132  9:03  Missile Turret  
  132  9:05  SCV  
  133  9:11  Supply Depot  
  133  9:12  Supply Depot  
  133  9:13  SCV x2, Marine x2  
  133  9:14  Marauder  
  139  9:17  Viking  
  141  9:32  Marine x2, Marauder  
  141  9:33  Marauder  
  145  9:47  Marine x2, Marauder  
  145  9:48  Viking  
  145  9:50  Marine  
  149  9:54  Marauder x2  
  149  9:56  Marine  
  140  10:02  Viking  
  140  10:05  Marine  
  135  10:09  Marauder  
  135  10:11  Refinery  
  135  10:15  Marauder  
  135  10:16  Refinery  
  135  10:17  Barracks  
  135  10:18  Viking, Barracks  
  135  10:20  Barracks  
  135  10:21  Sensor Tower  
  139  10:23  Missile Turret  
  139  10:28  Marauder  
  141  10:29  Marine  
  141  10:30  Marauder  
  142  10:37  Marine  
  142  10:38  Armory  
  142  10:42  Planetary Fortress  
  143  10:46  Marine, Marauder  
  143  10:48  Marine  
  143  10:49  Marauder  
  149  10:50  SCV  
  149  10:53  Marauder  
  143  10:59  SCV  
  143  11:01  Marine  
  145  11:05  SCV x2  
  145  11:06  Engineering Bay  
  145  11:07  Barracks Tech Lab x2  
  145  11:08  Barracks Tech Lab, Marauder  
  145  11:11  Viking  
  151  11:13  SCV  
  151  11:17  SCV  
  152  11:23  Marine  
Show
View Real Time Build Order
Export as new Build Order

Maplez Protoss 

Build Orders: 1 Gate Expand, Blink Stalkers, Colossus Rush 

Get SALT Encoding   

  12  0:00  Probe  
  13  0:12  Probe  
  14  0:17  Pylon  
  14  0:24  Probe (Chrono Boost)  
  15  0:37  Probe (Chrono Boost), Gateway  
  16  0:43  Probe (Chrono Boost)  
  16  0:45  Assimilator  
  17  0:52  Probe  
  18  1:05  Probe  
  19  1:17  Probe  
  20  1:26  Cybernetics Core  
  20  1:33  Nexus  
  21  1:41  Pylon  
  21  1:43  Probe  
  21  1:48  Assimilator  
  21  1:55  Probe  
  21  1:59  Adept (Chrono Boost)  
  22  2:07  Probe  
  25  2:15  Warp Gate  
  25  2:19  Probe  
  25  2:22  Stalker (Chrono Boost)  
  27  2:31  Probe  
  28  2:40  Twilight Council  
  29  2:47  Probe (Chrono Boost)  
  29  2:48  Probe (Chrono Boost)  
  30  2:56  Probe (Chrono Boost)  
  32  2:58  Probe (Chrono Boost)  
  32  3:01  Probe (Chrono Boost)  
  32  3:05  Gateway  
  33  3:08  Probe  
  34  3:13  Probe, Blink (Chrono Boost)  
  34  3:16  Robotics Facility  
  35  3:20  Probe  
  35  3:25  Probe  
  37  3:32  Probe  
  37  3:34  Pylon  
  38  3:44  Probe  
  38  3:46  Probe  
  40  3:51  Nexus  
  40  3:57  Probe  
  40  4:00  Pylon  
  40  4:01  Pylon  
  41  4:04  Observer, Stalker  
  41  4:07  Stalker  
  41  4:09  Probe  
  47  4:11  Probe  
  48  4:18  Pylon  
  48  4:20  Assimilator  
  48  4:22  Probe  
  49  4:27  Probe  
  49  4:28  Observer  
  49  4:29  Stalker  
  49  4:30  Stalker  
  55  4:38  Probe, Assimilator  
  56  4:39  Probe  
  57  4:50  Probe  
  57  4:51  Probe  
  59  4:54  Observer, Robotics Bay  
  59  5:00  Pylon  
  59  5:02  Probe, Forge  
  59  5:05  Probe  
  61  5:09  Probe  
  61  5:10  Stalker  
  61  5:13  Stalker  
  66  5:14  Probe  
  66  5:17  Probe  
  66  5:18  Observer  
  68  5:21  Probe  
  68  5:22  Protoss Ground Weapons Level 1 (Chrono Boost)  
  68  5:26  Probe  
  70  5:29  Probe  
  70  5:34  Probe  
  72  5:36  Gateway  
  72  5:38  Colossus (Chrono Boost), Gateway  
  72  5:41  Probe  
  70  5:48  Stalker, Sentry  
  80  5:51  Probe  
  80  5:52  Extended Thermal Lance (Chrono Boost)  
  80  5:56  Probe x2  
  83  6:03  Probe  
  84  6:05  Gateway x2  
  84  6:15  Gateway  
  84  6:16  Gateway  
  84  6:20  Probe  
  84  6:21  Pylon  
  84  6:24  Pylon  
  83  6:26  Pylon  
  83  6:29  Zealot  
  83  6:30  Zealot  
  83  6:32  Shield Battery  
  87  6:35  Shield Battery  
  93  6:44  Shield Battery  
  93  6:48  Zealot x2  
  92  6:57  Zealot x2  
  91  7:04  Probe  
  90  7:09  Stalker x2  
  90  7:10  Stalker  
  80  7:22  Stalker, Zealot x2  
  67  7:32  Colossus  
  67  7:34  Probe (Chrono Boost)  
  67  7:36  Probe (Chrono Boost)  
  68  7:44  Charge (Chrono Boost)  
  68  7:46  Probe (Chrono Boost)  
  68  7:48  Probe x2 (Chrono Boost)  
  68  7:51  Pylon  
  70  7:52  Pylon  
  70  7:56  Probe (Chrono Boost)  
  70  7:57  Sentry x2  
  70  7:58  Stalker, Probe (Chrono Boost)  
  74  8:02  Probe  
  76  8:07  Probe  
  76  8:10  Probe  
  78  8:13  Zealot x2  
  78  8:14  Probe  
  78  8:18  Zealot  
  85  8:20  Protoss Ground Armor Level 1 (Chrono Boost)  
  85  8:22  Probe x2  
  85  8:26  Probe  
  87  8:35  Probe  
  87  8:36  Probe  
  87  8:37  Stalker, Observer  
  87  8:39  Probe  
  90  8:48  Stalker  
  90  8:50  Probe (Chrono Boost)  
  90  8:53  Shield Battery  
  90  8:55  Pylon  
  95  8:59  Probe (Chrono Boost)  
  95  9:01  Probe (Chrono Boost)  
  95  9:02  Probe (Chrono Boost)  
  96  9:06  Zealot x3  
  102  9:20  Stalker x2  
  102  9:22  Pylon  
  106  9:27  Zealot x3  
  110  9:33  Stalker  
  112  9:46  Zealot x2  
  98  10:05  Dark Shrine, Probe (Chrono Boost)  
  99  10:07  Pylon  
  99  10:10  Probe x2 (Chrono Boost)  
  99  10:13  Zealot x3  
  106  10:15  Probe (Chrono Boost), Zealot  
  106  10:16  Observer  
  106  10:19  Probe (Chrono Boost)  
  109  10:21  Pylon  
  109  10:22  Pylon  
  109  10:25  Probe x2  
  111  10:34  Pylon  
  111  10:36  Pylon  
  111  10:53  Zealot  
  111  10:54  Pylon, Zealot x4  
  107  10:59  Warp Prism (Chrono Boost)  
  107  11:00  Probe  
  100  11:04  Robotics Facility  
  100  11:06  Probe  
  100  11:08  Probe  
  102  11:12  Probe  
  103  11:23  Dark Templar x3  
  109  11:32  Stalker  

Tags
 
Add a new tag
Caveats
  • Supply blocks, unpowered buildings, or Contaminate may cause inaccurate times.
  • Supply counts are checked every 10 seconds.